 Dungeon Crawl Stone Soup version 0.25-a0-404-gc1b5a34292 (webtiles) character file.

Game seed: 3018242113458935651, levelgen mode: deterministic

362921 mopl the Grappler (level 21, -2/181 HPs)
             Began as a Minotaur Transmuter on Jan 9, 2020.
             Was the Champion of Cheibriados.
             Shot with a bolt by a yaktaur (19 damage)
             ... led by a vault warden
             ... on level 3 of the Vaults on Jan 10, 2020.
             The game lasted 03:01:28 (54814 turns).

mopl the Grappler (Minotaur Transmuter)            Turns: 54814, Time: 03:01:30

Health: -2/181     AC: 26    Str: 33    XL:     21   Next: 83%
Magic:  44/44      EV: 23    Int: 34    God:    Cheibriados [******]
Gold:   3595       SH:  0    Dex: 29    Spells: 6/40 levels left

rFire    + . .     SeeInvis +     - Unarmed
rCold    + + .     Gourm    .   (shield currently unavailable)
rNeg     . . .     Faith    +   k - +11 chain mail of the Zebra {*Slow rPois rC+ Slay+5}
rPois    +         Spirit   .   d - +3 hat of Pondering {ponderous, MR+ MP+10 Int+5}
rElec    +         Reflect  .   W - scarf {cloud immunity}
rCorr    .         Harm     .   (gloves currently unavailable)
MR       ++++.                  K - +2 pair of boots {Fly}
Stlth    ..........             x - amulet "Geiserut" {Faith rElec}
HPRegen  0.40/turn              w - ring of Bodily Harmony {rElec Stlth+}
MPRegen  0.29/turn              r - ring of Cutyg {rF+ rC+ MR++ SInv Stlth-, =R}

@: blade hands, flying, very slow
A: retaliatory headbutt, horns 2
}: 1/15 runes: barnacled
a: End Transformation, Bend Time, Temporal Distortion, Slouch, Step From Time,
Renounce Religion, Stop Flying


You were on level 3 of the Vaults.
You worshipped Cheibriados.
Cheibriados was exalted by your worship.
You were not hungry.
You had blades for hands.
You visited 9 branches of the dungeon, and saw 39 of its levels.
You also visited: Gauntlet and Ice Cave.

You collected 6314 gold pieces.
You spent 2719 gold pieces at shops.

Inventory:

Hand Weapons
 Y - the +7 lajatang of Order {silver, rMut}
   (You took it off a deep elf elementalist on level 3 of the Elven Halls)

   It protects you from mutation.
Missiles
 a - 1588 arrows
 f - 2 atropa-tipped darts
 t - 7 curare-tipped darts
 v - 61 boomerangs (quivered)
 z - 11 throwing nets
 S - 30 javelins
Armour
 d - the +3 hat of Pondering (worn) {ponderous, MR+ MP+10 Int+5}
   (You found it on level 2 of the Vaults)

   It affects your intelligence (+5).
   It affects your resistance to hostile enchantments.
   It affects your magic capacity (+10).
 k - the +11 chain mail of the Zebra (worn) {*Slow rPois rC+ Slay+5}
   (You bought it in a shop on level 2 of the Orcish Mines)

   It affects your accuracy and damage with ranged weapons and melee attacks
   (+5).
   It protects you from cold.
   It protects you from poison.
   It may slow you when you take damage.
 m - a +0 pair of gloves of strength (melded)
 o - the +2 hat of Lirie {rC+ rCorr Dex-4}
   (You found it in a Gauntlet)

   It affects your dexterity (-4).
   It protects you from cold.
   It provides partial protection from all sources of acid and corrosion.
 B - the +1 hat of the True Pharaoh {*Corrode +Fly Regen+ Dex+3}
   (You found it on level 2 of the Vaults)

   It affects your dexterity (+3).
   It lets you fly.
   It increases your rate of regeneration.
   It may corrode you when you take damage.
 K - a +2 pair of boots of flying (worn)
 U - the +5 shield of Indecent Exposure {rPois rF+}
   (You found it in a Gauntlet)

   It protects you from fire.
   It protects you from poison.
 W - a scarf of cloud immunity (worn)
Jewellery
 r - the ring of Cutyg (right scythe-like blade) {rF+ rC+ MR++ SInv Stlth-, =R}
   (You acquired it on level 10 of the Dungeon)

   [ring of protection from fire]

   It protects you from fire.
   It protects you from cold.
   It affects your resistance to hostile enchantments.
   It lets you see invisible.
   It makes you less stealthy.
 w - the ring of Bodily Harmony (left scythe-like blade) {rElec Stlth+}
   (You bought it in a shop on level 2 of the Orcish Mines)

   [ring of stealth]

   It insulates you from electricity.
   It makes you more stealthy.
 x - the amulet "Geiserut" (around neck) {Faith rElec}
   (You acquired it on level 2 of the Shoals)

   [amulet of faith]

   It allows you to gain divine favour quickly.
   It insulates you from electricity.
Wands
 h - a wand of iceblast (41)
 s - a wand of digging (4)
 u - a wand of disintegration (15)
 A - a wand of flame (47)
 H - a wand of acid (15)
 O - a wand of polymorph (20)
 V - a wand of paralysis (14)
Scrolls
 b - 5 scrolls of vulnerability
 i - 2 scrolls of immolation
 j - 3 scrolls of silence {!r}
 l - 2 scrolls of magic mapping
 n - 15 scrolls of remove curse
 y - 8 scrolls of teleportation
 C - 4 scrolls of fear
 G - 3 scrolls of fog
 N - 3 scrolls of blinking
 P - 7 scrolls of identify
Potions
 e - a potion of invisibility
 p - 3 potions of lignification {!q}
 q - 2 potions of heal wounds
 D - 7 potions of resistance
 E - 2 potions of might
 J - 17 potions of curing
 L - a potion of brilliance
 M - 3 potions of ambrosia
 Q - 5 potions of cancellation
 R - 3 potions of magic
 Z - 7 potions of agility
Miscellaneous
 g - a fan of gales
 F - 3 sacks of spiders
 I - 2 phantom mirrors
 X - a lightning rod (4/4)
Comestibles
 c - 69 rations
 T - 4 chunks of flesh


   Skills:
 + Level 14.1 Fighting
 + Level 13.1 Throwing
 * Level 4.3 Armour
 + Level 14.3 Dodging
 + Level 11.1 Shields
 + Level 14.9 Unarmed Combat
 - Level 10.0 Spellcasting
 + Level 8.5 Hexes
 + Level 7.7 Translocations
 + Level 12.4 Transmutations
 - Level 3.0 Ice Magic
 + Level 8.5 Earth Magic
 - Level 1.0 Poison Magic
 + Level 12.9 Invocations
 - Level 5.0 Evocations


You had 6 spell levels left.
You knew the following spells:

 Your Spells              Type           Power        Failure   Level  Hunger
a - Leda's Liquefaction   Hex/Erth       ######....   26%         4    None
b - Spider Form           Tmut/Pois      ######....   22%         3    None
c - Blade Hands           Tmut           #######...   21%         5    ##.....
d - Ice Form              Ice/Tmut       ######..     32%         4    None
e - Blink                 Tloc           N/A          13%         2    None
f - Lesser Beckoning      Tloc           ######....   17%         3    None
g - Petrify               Tmut/Erth      ######..     19%         4    None
p - Passwall              Tmut/Erth      ######..     9%          2    None
w - Sticks to Snakes      Tmut           #######.     7%          2    None
y - Yara's Violent Unrav  Hex/Tmut       ######....   30%         5    ##.....

Your spell library contained the following spells:

 Spells                   Type           Power        Failure   Level  Hunger
 Beastly Appendage        Tmut           ######       6%          1    None
 Sandblast                Erth           ######       11%         1    None
 Apportation              Tloc           ######       12%         1    None
 Slow                     Hex            ######..     12%         2    None
 Sting                    Tmut/Pois      ####         13%         1    None
 Confusing Touch          Hex            ######..     16%         3    None
 Tukima's Dance           Hex            ######..     16%         3    None
 Gell's Gravitas          Tloc           ######....   17%         3    None
 Teleport Other           Tloc           ######..     17%         3    None
 Cause Fear               Hex            ######....   26%         4    None
 Shroud of Golubria       Chrm/Tloc      #####.       28%         2    None
 Passage of Golubria      Tloc           N/A          32%         4    None
 Ignite Poison            Fire/Tmut/Pois #####...     34%         3    None
 Inner Flame              Hex/Fire       #####...     36%         3    None
 Spectral Weapon          Hex/Chrm       #####...     36%         3    None
 Stone Arrow              Conj/Erth      #####.       36%         3    None
 Summon Guardian Golem    Hex/Summ       #####...     36%         3    None
 Recall                   Summ/Tloc      N/A          38%         3    None
 Lee's Rapid Deconstruct  Erth           ######....   45%         5    ##.....
 Animate Skeleton         Necr           N/A          47%         1    None
 Foxfire                  Conj/Fire      ###.         47%         1    None
 Infusion                 Chrm           ###.         47%         1    None
 Magic Dart               Conj           ###.         47%         1    None
 Pain                     Necr           ###.         47%         1    None
 Summon Butterflies       Summ           ###.....     47%         1    None
 Summon Small Mammal      Summ           ###.         47%         1    None
 Poisonous Vapours        Pois/Air       ###...       54%         2    None
 Call Imp                 Summ           ###.....     58%         2    None
 Corpse Rot               Necr/Air       N/A          58%         2    None
 Song of Slaying          Chrm           ###.....     58%         2    None
 Sublimation of Blood     Necr           ###.......   58%         2    None
 Ozocubu's Armour         Chrm/Ice       ####....     61%         3    None
 Alistair's Intoxication  Tmut/Pois      ######..     63%         5    ##.....
 Statue Form              Tmut/Erth      ######...    67%         6    #####..
 Mephitic Cloud           Conj/Pois/Air  ###.....     71%         3    None
 Metabolic Englaciation   Hex/Ice        ######....   71%         5    ##.....
 Call Canine Familiar     Summ           ###.....     75%         3    None
 Conjure Flame            Conj/Fire      ###.....     75%         3    None
 Vampiric Draining        Necr           ###.......   75%         3    None
 Invisibility             Hex            ######..     85%         6    #####..
 Silence                  Hex/Air        #####.....   86%         5    ##.....
 Summon Mana Viper        Hex/Summ       #####...     86%         5    ##.....
 Summon Ice Beast         Ice/Summ       ####....     88%         4    None
 Summon Forest            Summ/Tloc      #####.....   89%         5    ##.....
 Olgreb's Toxic Radiance  Pois           ###.....     91%         4    None
 Bolt of Magma            Conj/Fire/Erth #####.....   95%         5    ##.....
 Animate Dead             Necr           N/A          96%         4    None
 Dispel Undead            Necr           ###.....     96%         4    None
 Sticky Flame             Conj/Fire      ###.....     96%         4    None
 Summon Lightning Spire   Summ/Air       ###.....     96%         4    None
 Agony                    Necr           ###.....     100%        5    ##.....
 Aura of Abjuration       Summ           ###.......   100%        5    ##.....
 Excruciating Wounds      Chrm/Necr      ###.......   100%        5    ##.....
 Fireball                 Conj/Fire      ###.......   100%        5    ##.....
 Iskenderun's Battlesphe  Conj/Chrm      ###.....     100%        5    ##.....
 Summon Demon             Summ           ###.......   100%        5    ##.....
 Deflect Missiles         Chrm/Air       ###.......   100%        6    #####..
 Iron Shot                Conj/Erth      #####.....   100%        6    #####..
 Shadow Creatures         Summ           N/A          100%        6    #####..
 Dragon Form              Tmut           #######...   87%         7    ######.
 Orb of Destruction       Conj           ###.......   100%        7    ######.
 Spellforged Servitor     Conj/Summ      ###.......   100%        7    ######.
 Discord                  Hex            ######....   100%        8    #######
 Shatter                  Erth           ######....   100%        9    #######


Dungeon Overview and Level Annotations

Branches:
Dungeon (15/15)            Temple (1/1) D:5            Lair (6/6) D:10
 Shoals (4/4) Lair:3        Snake (4/4) Lair:2        Slime (0/5) Lair:6
    Orc (2/2) D:10            Elf (3/3) Orc:2        Vaults (3/5) D:13
  Crypt (0/3) Vaults:3     Depths (1/5) D:15          IceCv (visited)
Gauntlet (visited)

Altars:
Ashenzari
Cheibriados
Elyvilon
Gozag
Kikubaaqudgha
Ru
Sif Muna
Trog
Uskayaw
Vehumet
Wu Jian
Yredelemnul
Zin
The Shining One

Shops:
D:4 [   D:7 (   Orc:2 %(}*![!%(   Elf:1 (?*(*   Elf:3 =}}   Shoals:1 :
Vaults:3 *[*

Annotations:
D:10 2 runed translucent doors + ignorance shield, exclusion: orange crystal statue
Shoals:3 2 transporters, Batef's ghost, adept GnWn
Snake:3 2 transporters, Emealox's ghost, adept SpWn
Snake:4 bb for vault, exclusion: 2 doors


Innate Abilities, Weirdness & Mutations

You reflexively headbutt those who attack you in melee.
You have a pair of horns on your head.


Message History

You completely miss the vault warden.
The vault warden is almost dead.
The vault warden hits you with a +1 vampiric long sword!
* * * LOW HITPOINT WARNING * * *
The yaktaur shoots a bolt.
The bolt completely misses you.
You slice the vault warden!!
You kill the vault warden!
Cheibriados thoroughly appreciates the change of pace.
The yaktaur shoots a bolt.
The bolt barely misses you.
The yaktaur shoots a bolt.
The bolt closely misses you.
The yaktaur unwields a +0 arbalest.
The yaktaur hits you.
* * * LOW HITPOINT WARNING * * *
The yaktaur wields a +0 arbalest.
The yaktaur shoots a bolt.
The bolt hits you!
* * * LOW HITPOINT WARNING * * *
The fire dragon breathes flames at you. The blast of flame hits you!
You resist.
* * * LOW HITPOINT WARNING * * *
The yaktaur completely misses you. You furiously retaliate!
You headbutt the yaktaur!
The yaktaur shoots a bolt.
The bolt hits you!!
You die...

#...##...# #..#..#..#
#### #...##)..# ....
#.....)).# .....
########)# ..#..
#.......)#########
..#...#..^............##
..#..c#c........#....(##
..#..D'@........#..#..##
..#..##.........#.#.#.##
... #.).....(.#.#.#.## .
#.(.......#..#..##
#.(.......#.....##
#.(.).....#.....##
###)############## ..+ #
...+


You could see a fire dragon and 2 yaktaurs.

Vanquished Creatures
  Frederick (Vaults:2)
  Jorgrun (Shoals:1)
  A lich (Vaults:2)
  4 deep elf blademasters
  2 deep elf master archers (Elf:3)
  A titan (Vaults:3)
  A kraken (Shoals:3)
  A sphinx (Vaults:3)
  Agnes (Snake:1)
  Donald (Orc:2)
  Roxanne (Elf:1)
  A tengu reaver (Vaults:2)
  8 deep elf sorcerers
  Ilsuiw (Shoals:2)
  A fire giant (Vaults:3)
  4 nagarajas
  2 frost giants
  13 vault wardens
  Aizul (Shoals:4)
  8 deep elf elementalists (Elf:3)
  14 ironheart preservers
  4 very ugly things
  3 stone giants
  An entropy weaver (Vaults:3)
  6 deep elf demonologists
  7 deep elf annihilators
  A dire elephant (D:15)
  A minotaur (Gauntlet)
  2 blizzard demons (IceCv)
  6 deep elf death magi
  3 merfolk javelineers (Shoals:4)
  3 ettins
  3 yaktaur captains
  3 great orbs of eyes
  3 fire dragons
  4 merfolk impalers
  Fannar (Lair:1)
  16 naga warriors
  8 vault guards
  2 ice dragons
  5 rakshasas
  A deep elf high priest (Elf:3)
  8 centaur warriors
  8 hydras
  5 ogre magi
  14 two-headed ogres
  5 merfolk aquamancers
  14 anacondas
  4 merfolk avatars
  2 catoblepae (Lair:4)
  A death knight (Vaults:2)
  A satyr (Shoals:3)
  25 dancing weapons
  A deep troll earth mage (Vaults:2)
  A death scarab (Gauntlet)
  7 tengu warriors
  Urug (Orc:2)
  4 orc high priests (Orc:2)
  5 naga sharpshooters
  25 deep elf knights
  Nergalle (Lair:4)
  A storm dragon zombie (Vaults:3)
  A death drake (Gauntlet)
  8 shock serpents
  3 salamander mystics
  A fire crab (Gauntlet)
  14 skeletal warriors
  2 shadow wraiths
  11 sea snakes
  2 wizards
  2 glowing orange brains
  2 deep trolls (Vaults:2)
  An unseen horror (shapeshifter) (D:13)
  24 deep elf archers
  7 naga ritualists
  9 ironbrand convokers
  5 unseen horrors
  26 harpies
  A wolf spider zombie (Gauntlet)
  2 necromancers
  A harpy (shapeshifter) (D:13)
  6 orc knights
  8 wolf spiders
  A lindwurm (Lair:6)
  5 orc sorcerers
  19 ugly things
  72 deep elf magi
  8 fauns
  14 salamanders
  A sphinx zombie (Vaults:2)
  12 mana vipers
  25 cyclopes
  18 slime creatures
  14 manticores
  4 elephants (Lair:6)
  A fire giant zombie (Vaults:2)
  8 vault sentinels
  An ice statue (IceCv)
  9 merfolk sirens
  37 black mambas
  A spectral centaur (Gauntlet)
  6 torpor snails
  5 guardian serpents
  4 water nymphs
  A guardian serpent (shapeshifter) (Vaults:3)
  A fire giant skeleton (Vaults:2)
  2 gargoyles
  12 naga magi
  6 centaur skeletons
  5 spiny frogs
  3 kobold demonologists (D:13)
  A minotaur zombie (Gauntlet)
  23 yaktaurs
  3 human zombies
  4 rime drakes
  13 freezing wraiths
  A yaktaur zombie (Vaults:3)
  7 ice devils (IceCv)
  A troll (shapeshifter) (Vaults:2)
  A meliai (shapeshifter) (Vaults:3)
  A polar bear (shapeshifter) (Vaults:3)
  3 meliai (D:14)
  3 tengu conjurers
  11 trolls
  39 merfolk
  5 wind drakes
  2 jumping spiders (Vaults:3)
  4 polar bears
  4 tyrant leeches (Lair:6)
  9 hornets
  16 blink frogs
  A raiju (shapeshifter) (Vaults:2)
  A wolf spider simulacrum (D:14)
  Grinder (D:6)
  A hippogriff (shapeshifter) (Vaults:2)
  9 snapping turtles
  7 hippogriffs
  14 dream sheep
  A centaur simulacrum (D:14)
  A spriggan (D:9)
  A redback (Vaults:3)
  12 water elementals
  4 dire elephant simulacra (IceCv)
  A tarantella (Vaults:3)
  2 wraiths
  A shadow (D:11)
  A hog (shapeshifter) (Vaults:3)
  A tarantella (shapeshifter) (Vaults:3)
  3 wyverns
  38 yaks
  A basilisk (D:10)
  A spectral komodo dragon (Gauntlet)
  3 fire elementals
  6 steam dragons
  3 fire bats (Gauntlet)
  4 vampire mosquitoes (D:15)
  2 hungry ghosts
  5 harpy simulacra
  34 nagas
  7 wargs
  3 iron troll simulacra (IceCv)
  An acid dragon (D:15)
  4 hydra simulacra (IceCv)
  15 water moccasins
  7 porcupines
  28 orc warriors
  4 sky beasts
  2 black bears
  6 ice beasts
  A phantom (D:7)
  An eye of draining (shapeshifter) (D:14)
  23 ogres
  An eye of draining (D:15)
  2 wolves
  9 boggarts
  15 crocodiles
  20 centaurs
  5 big kobolds
  17 bullfrogs
  A glowing shapeshifter simulacrum (Vaults:1)
  6 earth elementals
  A water moccasin zombie (D:11)
  5 scorpions
  2 wyvern skeletons
  A hornet simulacrum (D:14)
  A water moccasin skeleton (D:12)
  20 killer bees
  18 wights
  5 howler monkeys
  5 centaur zombies
  6 electric eels
  3 crimson imps
  2 draconian simulacra (IceCv)
  3 bullfrog zombies
  5 jellies
  A quasit (D:7)
  35 orc priests
  8 hounds
  2 bullfrog skeletons
  32 orc wizards
  10 iguanas
  A troll simulacrum (IceCv)
  10 worker ants
  A wolf simulacrum (IceCv)
  3 hound zombies
  A hound skeleton (D:7)
  Robin (D:1)
  21 adders
  3 gnolls (D:4)
  4 naga simulacra (IceCv)
  2 ogre simulacra (IceCv)
  7 shadow imps
  11 white imps
  A howler monkey simulacrum (D:10)
  8 ufetubi
  2 oozes
  An adder skeleton (D:5)
  A worm (D:3)
  5 dart slugs
  12 leopard geckos
  122 orcs
  9 giant cockroaches
  20 goblins
  12 hobgoblins
  16 jackals
  2 quokkas
  2 ball pythons
  11 bats
  9 frilled lizards
  2 jackal skeletons (D:7)
  21 kobolds
  A quokka skeleton (D:5)
  A quokka zombie (D:7)
  11 rats
  A butterfly (Lair:5)
  5 plants
  6 tentacles (Shoals:3)
1714 creatures vanquished.

Vanquished Creatures (collateral kills)
  Gastronok (Lair:3)
  A faun (Shoals:3)
  A necrophage (D:9)
  Crazy Yiuf (D:2)
  A gnoll (D:4)
5 creatures vanquished.

Vanquished Creatures (others)
  An ironheart preserver (Vaults:2)
  A deep elf mage (Elf:1)
  An air elemental (Elf:1)
  An earth elemental (Elf:1)
  An ufetubus (IceCv)
  A bush (D:10)
  21 fungi
  36 plants
  4 tentacles (Shoals:3)
67 creatures vanquished.

Grand Total: 1786 creatures vanquished

Notes
Turn   | Place    | Note
-------+----------+-------------------------------------------
     0 | D:1      | mopl the Minotaur Transmuter began the quest for the Orb.
     0 | D:1      | Reached XP level 1. HP: 16/16 MP: 1/1
   103 | D:1      | Reached XP level 2. HP: 18/23 MP: 3/3
   107 | D:1      | Learned a level 2 spell: Sticks to Snakes
   462 | D:1      | Reached skill level 2 in Transmutations
   547 | D:1      | Reached XP level 3. HP: 26/28 MP: 0/4
   822 | D:1      | Reached skill level 2 in Spellcasting
  1010 | D:2      | Noticed an ice beast
  1079 | D:2      | Found a runed translucent door.
  1080 | D:2      | Noticed Crazy Yiuf
  1106 | D:2      | Reached skill level 4 in Unarmed Combat
  1150 | D:2      | Learned a level 3 spell: Spider Form
  1250 | D:2      | Reached XP level 4. HP: 33/35 MP: 6/6
  1720 | D:2      | Noticed Robin
  1881 | D:1      | Killed Robin
  2017 | D:2      | Killed an ice beast
  2017 | D:2      | Reached skill level 3 in Transmutations
  2017 | D:2      | Reached XP level 5. HP: 40/40 MP: 0/7
  2122 | D:2      | Killed Crazy Yiuf
  2122 | D:2      | Reached skill level 1 in Poison Magic
  2186 | D:3      | Found a glowing silver altar of Zin.
  2190 | D:3      | Found Zin's Purification Station.
  2354 | D:3      | Noticed an orc warrior
  2731 | D:2      | Killed an orc warrior
  2731 | D:2      | Reached skill level 3 in Spellcasting
  2731 | D:2      | Reached XP level 6. HP: 15/47 MP: 7/9
  3245 | D:3      | Learned a level 4 spell: Ice Form
  3437 | D:3      | Reached skill level 4 in Transmutations
  3516 | D:3      | Reached skill level 5 in Unarmed Combat
  3544 | D:3      | Found a transporter.
  3547 | D:3      | Reached XP level 7. HP: 48/52 MP: 10/10
  3553 | D:3      | Found a transporter.
  3590 | D:3      | Reached skill level 1 in Throwing
  4014 | D:4      | Reached skill level 2 in Fighting
  4081 | D:4      | Reached skill level 1 in Ice Magic
  4228 | D:4      | Reached skill level 3 in Dodging
  4294 | D:4      | Found Datieg Ywue's Armour Shoppe.
  4488 | D:4      | Found a bloodstained altar of Trog.
  4588 | D:5      | Entered Level 5 of the Dungeon
  4674 | D:5      | Reached XP level 8. HP: 56/62 MP: 7/11
  4701 | D:5      | Got a brightly glowing leather armour
  4717 | D:5      | Identified the cursed +1 leather armour of Dawn {rN++ Dex+2
                  | Slay+3} (You found it on level 5 of the Dungeon)
  4780 | D:5      | Reached skill level 2 in Throwing
  4783 | D:5      | Reached skill level 3 in Fighting
  4874 | D:5      | Found a staircase to the Ecumenical Temple.
  4883 | Temple   | Entered the Ecumenical Temple
  4918 | Temple   | Became a worshipper of Cheibriados the Contemplative
  5050 | D:3      | Bought 2 potions of curing for 180 gold pieces
  5540 | D:6      | Reached skill level 5 in Transmutations
  5753 | D:6      | Reached skill level 1 in Invocations
  6054 | D:6      | Noticed Grinder
  6072 | D:6      | Killed Grinder
  6072 | D:6      | Reached skill level 4 in Dodging
  6072 | D:6      | Reached skill level 6 in Unarmed Combat
  6072 | D:6      | Reached skill level 2 in Ice Magic
  6117 | D:6      | Reached * piety under Cheibriados
  6117 | D:6      | Reached skill level 4 in Fighting
  6258 | D:6      | Reached skill level 3 in Throwing
  6296 | D:6      | Reached skill level 2 in Invocations
  6296 | D:6      | Reached XP level 9. HP: 63/71 MP: 9/13
  6721 | D:7      | Found Jach's Antique Weapon Emporium.
  7014 | D:7      | Reached ** piety under Cheibriados
  7044 | D:7      | Reached skill level 6 in Transmutations
  7413 | D:7      | Learned a level 5 spell: Yara's Violent Unravelling
  7809 | D:8      | Reached skill level 3 in Invocations
  7971 | D:8      | Reached skill level 5 in Fighting
  7971 | D:8      | Reached skill level 5 in Dodging
  8276 | D:8      | Reached *** piety under Cheibriados
  8450 | D:8      | Reached skill level 4 in Throwing
  8786 | D:8      | Reached XP level 10. HP: 51/81 MP: 5/14
  8824 | D:8      | HP: 3/81 [orc warrior/+0 dire flail (16)]
  8830 | D:8      | Reached skill level 3 in Ice Magic
  8831 | D:8      | Reached skill level 1 in Hexes
  9326 | D:9      | Noticed a two-headed ogre
  9338 | D:9      | Killed a two-headed ogre
  9338 | D:9      | Reached skill level 7 in Unarmed Combat
  9338 | D:9      | Reached skill level 4 in Spellcasting
  9465 | D:9      | Reached **** piety under Cheibriados
  9475 | D:9      | Got an encrusted quarterstaff
  9711 | D:9      | Identified the cursed +1 quarterstaff "Mianoaz" {antimagic,
                  | rN++} (You found it on level 9 of the Dungeon)
  9718 | D:9      | Got an ichor-stained hand axe
  9719 | D:9      | Identified the cursed +1 hand axe "Arbiter" {speed, MR+
                  | Int+3} (You found it on level 9 of the Dungeon)
  9859 | D:9      | Reached skill level 4 in Invocations
  9861 | D:9      | Reached skill level 6 in Fighting
  9961 | D:9      | Reached ***** piety under Cheibriados
 10719 | D:9      | Learned a level 2 spell: Blink
 10732 | D:9      | Noticed a two-headed ogre
 10741 | D:9      | Killed a two-headed ogre
 10741 | D:9      | Reached skill level 6 in Dodging
 10813 | D:10     | Entered Level 10 of the Dungeon
 10816 | D:10     | Found a runed translucent door.
 10820 | D:10     | Found the +10 large shield of Ignorance {rN+ Int-4}
 10822 | D:10     | Noticed an orange crystal statue
 10838 | D:10     | Found a staircase to the Orcish Mines.
 10888 | D:10     | Reached skill level 2 in Hexes
 10888 | D:10     | Reached skill level 7 in Transmutations
 10896 | D:10     | Reached skill level 5 in Throwing
 11148 | D:10     | Killed an unseen horror
 11148 | D:10     | Reached skill level 1 in Translocations
 11148 | D:10     | Reached XP level 11. HP: 33/91 MP: 13/16
 12015 | D:10     | Reached skill level 7 in Fighting
 12093 | D:10     | Identified a scroll of acquirement
 12110 | D:10     | Reached skill level 8 in Unarmed Combat
 12271 | D:10     | Identified the ring of Cutyg {rF+ rC+ MR++ SInv Stlth-}
                  | (You acquired it on level 10 of the Dungeon)
 12288 | D:10     | Reached ****** piety under Cheibriados
 12416 | D:10     | Found a staircase to the Lair.
 12441 | D:10     | Reached skill level 5 in Invocations
 12704 | D:10     | Found a runed translucent door.
 12826 | Lair:1   | Entered Level 1 of the Lair of Beasts
 13118 | Lair:1   | Noticed Fannar
 13133 | Lair:1   | Killed Fannar
 13133 | Lair:1   | Reached skill level 5 in Spellcasting
 13133 | Lair:1   | Reached skill level 2 in Translocations
 13286 | Lair:1   | Noticed a five-headed hydra
 13298 | Lair:1   | Killed a five-headed hydra
 13298 | Lair:1   | Reached skill level 7 in Dodging
 13804 | Lair:2   | Reached skill level 3 in Hexes
 13811 | Lair:2   | Reached skill level 6 in Throwing
 13811 | Lair:2   | Reached XP level 12. HP: 58/101 MP: 11/19
 13822 | Lair:2   | Found a staircase to the Snake Pit.
 13840 | Lair:2   | Found a gate leading to a gauntlet.
 13852 | Gauntlet | Entered a Gauntlet
 13852 | Gauntlet | Found a transporter.
 13852 | Gauntlet | Found a transporter.
 13856 | Gauntlet | Found a transporter.
 13856 | Gauntlet | Found a transporter.
 13884 | Gauntlet | Found a transporter.
 13891 | Gauntlet | Noticed a death scarab
 13892 | Gauntlet | Found a transporter.
 13896 | Gauntlet | Found a transporter.
 13910 | Gauntlet | Found a transporter.
 13927 | Gauntlet | Found a transporter.
 13941 | Gauntlet | Found a transporter.
 13945 | Gauntlet | Found a transporter.
 13947 | Gauntlet | Found a runed translucent door.
 13949 | Gauntlet | Found a runed translucent door.
 13953 | Gauntlet | Found a transporter.
 13970 | Gauntlet | Learned a level 5 spell: Blade Hands
 14052 | Gauntlet | Killed a death scarab
 14130 | Gauntlet | Reached skill level 8 in Fighting
 14135 | Gauntlet | HP: 3/101 [wolf spider zombie (3)]
 14148 | Gauntlet | Got a twisted hat
 14154 | Gauntlet | Identified the +2 hat of Lirie {rC+ rCorr Dex-4} (You found
                  | it in a Gauntlet)
 14495 | Gauntlet | Noticed a minotaur
 14506 | Gauntlet | Killed a minotaur
 14506 | Gauntlet | Reached skill level 3 in Translocations
 14845 | Gauntlet | Got a spiked shield
 14851 | Gauntlet | Identified the +5 shield of Indecent Exposure {rPois rF+}
                  | (You found it in a Gauntlet)
 14911 | Gauntlet | Reached skill level 6 in Invocations
 15349 | Lair:2   | Reached skill level 9 in Unarmed Combat
 15871 | Lair:3   | Reached skill level 6 in Spellcasting
 15874 | Lair:3   | Reached skill level 1 in Evocations
 15879 | Lair:3   | Found a staircase to the Shoals.
 16116 | Lair:3   | Noticed Gastronok
 16250 | Lair:3   | Killed Gastronok
 16250 | Lair:3   | Reached skill level 8 in Transmutations
 16329 | Lair:3   | You fall into a shaft and drop 1 floor!
 16355 | Lair:4   | Reached skill level 8 in Dodging
 16471 | Lair:4   | Noticed a four-headed hydra
 16476 | Lair:4   | Killed a four-headed hydra
 16685 | Lair:3   | Reached XP level 13. HP: 74/108 MP: 17/21
 17132 | Lair:4   | Reached skill level 2 in Evocations
 17268 | Lair:4   | Reached skill level 7 in Throwing
 17371 | Lair:4   | Noticed Nergalle
 17382 | Lair:4   | Killed Nergalle
 18109 | Lair:5   | Reached skill level 4 in Hexes
 18393 | Lair:5   | Reached skill level 9 in Fighting
 18748 | Lair:5   | Reached skill level 4 in Translocations
 18808 | Lair:5   | Learned a level 4 spell: Petrify
 18866 | Lair:6   | Entered Level 6 of the Lair of Beasts
 18979 | Lair:6   | Reached skill level 7 in Invocations
 19364 | Lair:6   | Reached skill level 3 in Evocations
 19370 | Lair:6   | Reached skill level 1 in Earth Magic
 19388 | Lair:6   | Found a staircase to the Slime Pits.
 19529 | Lair:6   | Reached skill level 7 in Spellcasting
 19773 | Lair:6   | Found a runed translucent door.
 20270 | Lair:6   | Reached XP level 14. HP: 34/118 MP: 16/23
 20294 | Lair:6   | Reached skill level 10 in Unarmed Combat
 21521 | Orc:1    | Entered Level 1 of the Orcish Mines
 21735 | Orc:2    | Entered Level 2 of the Orcish Mines
 21735 | Orc:2    | Found Jilluky's Gadget Shop.
 21761 | Orc:2    | Found Pogror Seyj's Assorted Antiques.
 21761 | Orc:2    | Noticed Donald
 21779 | Orc:2    | Killed Donald
 21779 | Orc:2    | Reached skill level 9 in Dodging
 21779 | Orc:2    | Reached skill level 2 in Earth Magic
 22233 | Orc:2    | Bought a sparkling turquoise ring for 165 gold pieces
 22239 | Orc:2    | Noticed Urug
 22240 | Orc:2    | Found Fufeot's Food Shop.
 22250 | Orc:2    | Killed Urug
 22461 | Orc:2    | Identified the ring of Bodily Harmony {rElec Stlth+} (You
                  | bought it in a shop on level 2 of the Orcish Mines)
 22473 | Orc:2    | Found Dalax's Weapon Boutique.
 23164 | Orc:2    | Upgraded the game from 0.25-a0-403-g49d089a364 to
                  | 0.25-a0-404-gc1b5a34292
 23232 | Orc:2    | Found Wokhlet's Weapon Boutique.
 23254 | Orc:2    | Found a staircase to the Elven Halls.
 23331 | Orc:2    | Reached skill level 8 in Throwing
 23758 | Orc:2    | Reached skill level 4 in Evocations
 23890 | Orc:2    | Found Urenoc's Distillery.
 23892 | Orc:2    | Found Fiuw's Armour Shop.
 23894 | Orc:2    | Found Bunel's Food Boutique.
 23897 | Orc:2    | Found Qurij's Distillery.
 23900 | Orc:2    | Bought a potion of flight for 42 gold pieces
 23900 | Orc:2    | Bought a potion of heal wounds for 70 gold pieces
 23900 | Orc:2    | Bought a potion of curing for 42 gold pieces
 23900 | Orc:2    | Bought a potion of curing for 42 gold pieces
 23900 | Orc:2    | Bought a potion of curing for 42 gold pieces
 23903 | Orc:2    | Bought a potion of heal wounds for 70 gold pieces
 23909 | Orc:2    | Bought a potion of resistance for 140 gold pieces
 23909 | Orc:2    | Bought 3 potions of agility for 168 gold pieces
 23909 | Orc:2    | Bought a potion of curing for 42 gold pieces
 24396 | D:12     | You fall into a shaft and drop 3 floors!
 24396 | D:15     | Entered Level 15 of the Dungeon
 24659 | D:15     | Reached skill level 10 in Fighting
 25257 | D:13     | Reached skill level 8 in Invocations
 25258 | D:13     | Reached skill level 5 in Hexes
 25297 | D:13     | Reached skill level 3 in Earth Magic
 25454 | D:12     | Reached skill level 9 in Transmutations
 26469 | D:13     | Reached skill level 8 in Spellcasting
 26711 | D:13     | Reached XP level 15. HP: 85/127 MP: 20/26
 27749 | D:13     | Reached skill level 5 in Evocations
 28223 | D:13     | Found a gate to the Vaults.
 29198 | D:14     | Reached skill level 10 in Dodging
 29423 | D:15     | Reached skill level 4 in Earth Magic
 29426 | D:15     | Reached skill level 11 in Unarmed Combat
 29611 | D:14     | Reached skill level 9 in Throwing
 29952 | D:14     | Noticed a frost giant
 29960 | D:14     | Reached skill level 11 in Fighting
 30077 | D:14     | Identified the +8 scimitar of the Shore {slice, +Fly
                  | Stlth+}
 30086 | D:14     | Killed a frost giant
 30114 | D:14     | Got a transparent hand axe
 30115 | D:14     | Identified the +9 hand axe of Nidiux {flame, rPois Str-2
                  | Stlth+} (You found it on level 14 of the Dungeon)
 30118 | D:14     | Got a crude rapier
 30119 | D:14     | Identified the +6 rapier "Oha Poz" {antimagic, *Corrode
                  | Int+7} (You found it on level 14 of the Dungeon)
 30135 | D:14     | Got a faintly humming chain mail
 30146 | D:14     | Identified the cursed +0 chain mail of the Pit {rPois rN+
                  | SInv} (You found it on level 14 of the Dungeon)
 30297 | D:15     | Found a snail-covered altar of Cheibriados.
 30300 | D:15     | Reached skill level 9 in Invocations
 30629 | D:15     | Found a staircase to the Depths.
 30898 | D:15     | Found a portal to a secret trove of treasure.
 31185 | Lair:1   | Learned a level 4 spell: Leda's Liquefaction
 31297 | Elf:1    | Entered Level 1 of the Elven Halls
 32257 | Elf:1    | Reached XP level 16. HP: 41/138 MP: 23/27
 32262 | Elf:1    | Reached skill level 5 in Earth Magic
 32751 | Orc:2    | Bought the +11 chain mail of the Zebra {*Slow rPois rC+
                  | Slay+5} for 1396 gold pieces
 32925 | Elf:1    | Found Gienaegg's Assorted Antiques.
 33752 | Elf:1    | Found Dyham's Magic Scroll Emporium.
 33752 | Elf:1    | Found Cyuwno's Antique Weapon Shoppe.
 33768 | Elf:1    | Bought a scroll of blinking for 120 gold pieces
 33881 | Elf:1    | Found Diodoa's General Store.
 33922 | Elf:1    | Found Gifroaps's Antique Weapon Shop.
 33962 | Elf:1    | Identified Roxanne's Disquisition on Changing
 33962 | Elf:1    | Noticed Roxanne
 33988 | Elf:1    | Killed Roxanne
 33988 | Elf:1    | Reached skill level 10 in Transmutations
 34406 | Depths:1 | Entered Level 1 of the Depths
 34802 | Depths:1 | Reached skill level 11 in Dodging
 34809 | Depths:1 | Reached skill level 1 in Shields
 35500 | Snake:1  | Entered Level 1 of the Snake Pit
 35572 | Snake:1  | Found a frozen archway.
 35576 | Snake:1  | Reached skill level 2 in Shields
 35581 | Snake:1  | Reached skill level 12 in Fighting
 35600 | IceCv    | Entered an ice cave
 35645 | IceCv    | Reached skill level 10 in Throwing
 35645 | IceCv    | Reached skill level 12 in Unarmed Combat
 36464 | Snake:1  | Reached skill level 10 in Invocations
 36470 | Snake:1  | Reached skill level 3 in Shields
 36861 | Snake:1  | Noticed Agnes
 36866 | Snake:1  | Killed Agnes
 36866 | Snake:1  | Reached skill level 6 in Earth Magic
 36866 | Snake:1  | Reached XP level 17. HP: 123/146 MP: 22/28
 37499 | Snake:2  | Reached skill level 4 in Shields
 37852 | Snake:2  | Reached skill level 6 in Hexes
 38544 | Snake:3  | Found a transporter.
 38544 | Snake:3  | Noticed Emealox's ghost (adept SpWn)
 39042 | Snake:3  | Reached skill level 5 in Shields
 39126 | Snake:3  | Found a snail-covered altar of Cheibriados.
 39135 | Snake:3  | Learned a level 3 spell: Lesser Beckoning
 39199 | Snake:3  | Found a transporter.
 39237 | Snake:3  | Found a runed translucent gate.
 39237 | Snake:3  | Found a runed translucent gate.
 39237 | Snake:3  | Found a runed translucent gate.
 39481 | Snake:4  | Entered Level 4 of the Snake Pit
 39889 | Snake:4  | Reached skill level 9 in Spellcasting
 40433 | Snake:4  | Reached skill level 12 in Dodging
 40611 | Snake:4  | Reached XP level 18. HP: 80/156 MP: 22/30
 40805 | Shoals:1 | Entered Level 1 of the Shoals
 40930 | Shoals:1 | Reached skill level 13 in Fighting
 40965 | Shoals:1 | Reached skill level 6 in Shields
 41114 | Shoals:1 | Reached skill level 11 in Throwing
 41275 | Shoals:1 | Noticed Jorgrun
 41287 | Shoals:1 | Killed Jorgrun
 41371 | Shoals:1 | You are sucked into a shaft and drop 1 floor!
 41372 | Shoals:2 | Noticed Ilsuiw
 41382 | Shoals:2 | Killed Ilsuiw
 41382 | Shoals:2 | Reached skill level 7 in Earth Magic
 41411 | Shoals:2 | Reached skill level 13 in Unarmed Combat
 41572 | Shoals:1 | Found Vistreu's Book Shoppe.
 41959 | Shoals:2 | Identified the amulet "Geiserut" {Faith rElec} (You
                  | acquired it on level 2 of the Shoals)
 42581 | Shoals:3 | Identified the +5 trident "Arcanum" {speed, rPois Dex+4}
 42988 | Shoals:3 | Reached skill level 11 in Invocations
 43056 | Shoals:3 | Reached skill level 5 in Translocations
 43321 | Shoals:3 | Reached skill level 11 in Transmutations
 43612 | Shoals:3 | Noticed Batef's ghost (adept GnWn)
 43750 | Shoals:3 | Found a transporter.
 43752 | Shoals:3 | Found a transporter.
 43753 | Shoals:3 | Found a bloodstained altar of Trog.
 43754 | Shoals:3 | Identified the cursed +1 trident "Goblinbane" {pierce,
                  | rElec MP+9 SInv}
 43964 | Shoals:4 | Entered Level 4 of the Shoals
 44430 | Shoals:4 | Reached skill level 7 in Shields
 44638 | Shoals:4 | Noticed Aizul
 44649 | Shoals:4 | Killed Aizul
 45217 | Shoals:4 | Reached XP level 19. HP: 76/165 MP: 31/31
 45241 | Shoals:4 | Got a barnacled rune of Zot
 46036 | Elf:1    | Bought a scroll of blinking for 120 gold pieces
 46036 | Elf:1    | Bought a scroll of teleportation for 48 gold pieces
 46036 | Elf:1    | Bought a scroll of fog for 32 gold pieces
 46135 | Elf:2    | Reached skill level 7 in Hexes
 46203 | Elf:2    | Identified Zipiyrph's Collected Works on Creation
 46369 | Elf:2    | Found a shimmering blue altar of Sif Muna.
 46400 | Elf:2    | Found a runed translucent gate.
 46402 | Elf:2    | Found a runed translucent gate.
 46405 | Elf:2    | Found a runed translucent gate.
 46805 | Elf:2    | Reached skill level 8 in Shields
 47018 | Elf:3    | Entered Level 3 of the Elven Halls
 47026 | Elf:3    | Learned a level 2 spell: Passwall
 47153 | Elf:3    | Found Pamodgh's Gadget Shoppe.
 47155 | Elf:3    | Found Hanewiwn's Jewellery Boutique.
 47156 | Elf:3    | Found Hoilarch's Gadget Shoppe.
 47372 | Elf:3    | Reached skill level 13 in Dodging
 47728 | Elf:3    | Reached skill level 6 in Translocations
 47735 | Elf:3    | Reached skill level 8 in Earth Magic
 47739 | Elf:3    | Noticed a Brimstone Fiend
 48345 | Elf:3    | Identified the +3 bardiche of Obsession {flame, rC+ Stlth+}
 48371 | Elf:3    | Identified the cursed +0 dire flail of Frustration
                  | {protect, rPois Str+3}
 48384 | Elf:3    | Identified the cursed +0 flail "Inyun" {vamp, +Fly rF+}
 48676 | Vaults:1 | Entered Level 1 of the Vaults
 48751 | Vaults:1 | Reached skill level 12 in Throwing
 48999 | Vaults:1 | Reached XP level 20. HP: 126/172 MP: 32/32
 49316 | Vaults:1 | Reached skill level 9 in Shields
 49491 | Vaults:1 | Identified the cursed +0 halberd of Deceprap {chaos, rF+}
 49908 | Vaults:1 | Reached skill level 12 in Invocations
 49913 | Vaults:1 | Reached skill level 14 in Unarmed Combat
 50192 | Vaults:2 | Reached skill level 10 in Spellcasting
 50206 | Vaults:2 | HP: 7/172 [stone giant/large rock (30)]
 51281 | Elf:3    | mopl: ??obsidian axe
 51281 | Elf:3    | meem: obsidian axe[1/3]: A +14 broad axe of chopping that
                  | mesmerises you whenever a monster is in sight. +3 Str,
                  | SInv, +Fly, always recurses, sometimes summons a
                  | usually-friendly demon (3 or 4) when you kill stuff. Also
                  | cures confusion when you're mesmerised.
 51281 | Elf:3    | mopl: ??obsidian axe[2
 51281 | Elf:3    | meem: obsidian axe[2/3]: Its mesmerisation ignores clarity.
 51281 | Elf:3    | mopl: ??obsidian axe[3
 51281 | Elf:3    | meem: obsidian axe[3/3]: Visions of slaying the oklob plant
                  | flood into your mind. You cannot move away from the oklob
                  | plant!
 51301 | Elf:3    | Identified the ring "Iger" {*Slow rCorr Dex+4}
 51308 | Elf:3    | Identified the +5 hand axe of Laceration {flame, rN+ Int+2}
 51586 | Elf:3    | Identified the +2 glaive "Wyviewik" {drain, Dex+3}
 51594 | Elf:3    | Reached skill level 8 in Hexes
 51690 | Elf:3    | Reached skill level 10 in Shields
 51783 | Elf:3    | Identified the cursed +0 scale mail "Ofustuginid" {rCorr
                  | Str+4 Stlth-} (You found it on level 3 of the Elven Halls)
 51801 | Elf:3    | Identified the +4 centaur barding "Aggul" {rPois} (You
                  | found it on level 3 of the Elven Halls)
 52376 | Vaults:2 | Reached skill level 7 in Translocations
 52376 | Vaults:2 | Reached skill level 12 in Transmutations
 52573 | Vaults:2 | Identified the amulet of Ykhlaucih {Acrobat rF++ Dex-4}
 52613 | Vaults:2 | Identified the +1 hat of the True Pharaoh {*Corrode +Fly
                  | Regen+ Dex+3} (You found it on level 2 of the Vaults)
 52617 | Vaults:2 | Identified the +2 hat "Visoigre" {-Tele rN+ Int+4 SInv}
                  | (You found it on level 2 of the Vaults)
 52620 | Vaults:2 | Identified the +2 robe "Wuesoy" {rPois Int+2 Stlth-} (You
                  | found it on level 2 of the Vaults)
 52627 | Vaults:2 | Found a radiant altar of Vehumet.
 52654 | Vaults:2 | Found the +3 hat of Pondering {ponderous, MR+ MP+10 Int+5}
 52659 | Vaults:2 | Identified the cursed +0 robe "Cexid" {rN+ Int+5 Dex-4}
                  | (You found it on level 2 of the Vaults)
 52721 | Vaults:2 | Reached XP level 21. HP: 94/179 MP: 34/34
 53147 | Vaults:2 | Reached skill level 14 in Dodging
 53366 | Vaults:2 | Noticed Frederick
 53375 | Vaults:2 | Killed Frederick
 53660 | Vaults:3 | Reached skill level 1 in Armour
 53910 | Vaults:3 | Reached skill level 2 in Armour
 53930 | Vaults:3 | Reached skill level 13 in Throwing
 53945 | Vaults:3 | Found Gozag's Assorted Antiques.
 53949 | Vaults:3 | Found an opulent altar of Gozag.
 53954 | Vaults:3 | Reached skill level 14 in Fighting
 53955 | Vaults:3 | Found Gozag's Assorted Antiques.
 53963 | Vaults:3 | Found Gozag's Antique Armour Boutique.
 54164 | Vaults:3 | Reached skill level 3 in Armour
 54457 | Vaults:3 | Found a staircase to the Crypt.
 54457 | Vaults:3 | Found a basalt altar of Yredelemnul.
 54458 | Vaults:3 | Found an ancient bone altar of Kikubaaqudgha.
 54500 | Vaults:3 | Reached skill level 11 in Shields
 54744 | Vaults:3 | Reached skill level 4 in Armour
 54814 | Vaults:3 | Shot with a bolt by a yaktaur

Levels and vault maps discovered:
D:1:      erik_arrival_triangle_medium, layout_loops_ring, serial_bayou_pond_b,
          minmay_heptomino_w4
D:2:      layout_loops_cross, uniq_robin, uniq_crazy_yiuf_cottage
D:3:      gammafunk_steamed_eel, layout_loops_ring, zin_purify,
          minmay_divided_ellipse
D:4:      layout_rooms, serial_shops, shop, minmay_misc_feat_five, bloody_trog
D:5:      kennysheep_windowed_halls, layout_basic, lemuel_temple_firewalk_b,
          first_ration, hangedman_abyss_or_decor_stabs, serial_bayou_lake_a
D:6:      layout_loops_corners, kennysheep_pointless_box, uniq_grinder
D:7:      layout_basic, serial_shops, kennysheep_mini_moat
D:8:      layout_loops_corners, serial_co_window_serial, co_window_paths_b,
          co_window_paths_a, co_window_corner_a, co_window_corner_a,
          co_window_paths_a, co_window_2corner, co_window_2corner,
          co_window_unsneaky_path_e, co_window_4corner_a, glass_columns_a
D:9:      layout_small_grid, the_bakery, dk_noncrumbling_3, minmay_lizard_king
D:10:     layout_loops_ring, minmay_lair_entry_grove, orc_0_dummy, serial_ice,
          serial_ice_j, serial_ice_n, serial_ice_f, serial_ice_h,
          chequers_guarded_unrand_ignorance
D:11:     layout_loops_ring, kennysheep_small_spiral
D:12:     layout_roguey
D:13:     layout_basic, hangedman_vaults_entry_quadrant_bands
D:14:     giant_chief_lemuel, layout_rooms, serial_ice, serial_ice_o,
          serial_ice_d, serial_ice_m, serial_ice_b, hangedman_decor_opposing
D:15:     hangedman_depths_entry_try_elsewhere_first, layout_basic,
          enter_trove_3, cheibriados_altar_1
Temple:   minmay_crystal_snake_temple
Lair:1:   layout_cave_shapes, uniq_fannar
Lair:2:   layout_long_grid, minmay_snake_entry_guardpost_small,
          gauntlet_entry_generic, st_stairs_12, minivault_11,
          lemuel_fruit_fields, lemuel_fruit_fields, serial_bayou_shore_a
Lair:3:   layout_small_grid, elwin_shoals_entry_stream, uniq_gastronok
Lair:4:   nzn_motion_control, layout_small_grid, grunt_megastairs_2,
          uniq_nergalle
Lair:5:   layout_regular_city, lemuel_fruit_fields
Lair:6:   wormcave, layout_long_grid, minmay_slime_entry_pillars, st_stairs_6
Shoals:1: layout_shoals, serial_shops, shop_fountains,
          nicolae_shoals_water_elemental_grotto, uniq_jorgrun
Shoals:2: layout_shoals, uniq_ilsuiw
Shoals:3: layout_shoals, gammafunk_ghost_wrathful_warriors,
          nicolae_shoals_drake_roost
Shoals:4: shoals_end_hangedman, layout_shoals, uniq_aizul
Snake:1:  layout_rooms, portal_ice_cave_entry_frozen_things, uniq_agnes
Snake:2:  layout_honeycomb, hangedman_snake_pattern, grunt_ministairs_11
Snake:3:  layout_onion_interference, basic_altar, gammafunk_ghost_arena,
          nicolae_snake_horde_hoard
Snake:4:  johnstein_snake_rune_scales, layout_cave_town
Orc:1:    layout_caves
Orc:2:    st_orc_mages, layout_caves, serial_shops, shop, nicolae_shop_stone,
          nicolae_shop_waterfront, shop, shop, uniq_urug, uniq_donald
Elf:1:    elf_arrival_001, layout_loops_cross, serial_shops, shop, shop,
          shop_statue, minivault_28, minmay_shoptagon, uniq_roxanne, uniq_louise
Elf:2:    layout_geoelf_octagon, basic_altar, minmay_elf_demonology
Elf:3:    elf_hall, layout_rooms, guppyfry_elf_castle, minmay_shop_grove
Vaults:1: v_pattern_2, vaults_mumra_lcd, grunt_vaults_diagonal, v_misc_26,
          ontoclasm_vaults_ring_small, hangedman_vaults_slice,
          hangedman_vaults_slice, layout_vaults_omnigrid
Vaults:2: v_misc_11, grunt_tower_of_power, nicolae_vaults_little_squares_3,
          dpeg_vaults_monster_box, hangedman_vaults_impose, v_misc_17,
          v_alt_pattern_3, ontoclasm_vaults_eye,
          nicolae_vaults_little_squares_5, nicolae_vaults_circle_grid_a,
          nicolae_vaults_little_squares_4, v_misc_11, layout_vaults_ring,
          uniq_frederick
Vaults:3: minmay_crypt_entry_necro_gods, nicolae_vaults_three_branches,
          kennysheep_vaults_gozag_temple, hangedman_vaults_impose, v_misc_29,
          hangedman_vaults_variations, vaults_dpeg_doors,
          vaults_standard_mumra_enter_the_diamond, ontoclasm_vaults_idyll,
          v_misc_29, vaults_room_pools, hangedman_vaults_corner,
          ontoclasm_vaults_loading_screen, vaults_room_pool,
          vaults_room_door_ring, v_alt_pattern_1, layout_vaults_maze_bifur
Depths:1: layout_gridville, serial_shops, shop_fountains, grunt_mini_vestibule,
          minmay_curled_crystal, nicolae_abyss_entry_one_way_or_another,
          chequers_jeans, grunt_tough_drop

Skill      XL: |  1  2  3  4  5  6  7  8  9 10 11 12 13 14 15 16 17 18 19 20 21 |
---------------+----------------------------------------------------------------+-----
Transmutations | 2 3 4 5 6 7 8 9 10 11 12 | 12.4
Spellcasting   | 2 3 4 5 6 7 8 9 10 | 10.0
Unarmed Combat | 4 5 6 7 8 9 10 11 12 13 14 | 14.9
Poison Magic   | 1 |  1.0
Throwing       | 1 3 4 5 6 7 8 9 10 11 12 13 | 13.1
Fighting       | 2 4 5 6 7 8 9 10 11 12 13 14 | 14.1
Ice Magic      | 1 2 3 |  3.0
Dodging        | 3 4 5 6 7 8 9 10 11 12 13 14 | 14.3
Invocations    | 2 3 4 5 6 7 8 9 10 11 12 | 12.9
Hexes          | 2 3 4 5 6 7 8 |  8.5
Translocations | 1 2 3 4 5 6 7 |  7.7
Evocations     | 1 3 4 5 |  5.0
Earth Magic    | 1 3 4 6 7 8 |  8.5
Shields        | 3 5 7 8 10 11 | 11.1
Armour         | 4 |  4.3

Action                   |  1- 3 |  4- 6 |  7- 9 | 10-12 | 13-15 | 16-18 | 19-21 || total
-------------------------+-------+-------+-------+-------+-------+-------+-------++-------
Melee: Unarmed           |    97 |   131 |   384 |   415 |   784 |   968 |   917 ||  3696
       Headbutt          |    10 |    17 |    33 |    59 |   262 |   324 |   301 ||  1006
       Kick              |     7 |     7 |    20 |       |       |       |       ||    34
       Dagger            |       |    36 |    24 |       |       |       |       ||    60
       Punch             |       |     2 |     5 |    14 |    46 |    58 |    90 ||   215
Throw: Dart              |     2 |     3 |    26 |    21 |       |       |       ||    52
       Stone             |     1 |       |       |       |       |       |       ||     1
       Boomerang         |       |       |     5 |    42 |   159 |   141 |    92 ||   439
       Throwing net      |       |       |       |     1 |       |       |       ||     1
       Javelin           |       |       |       |       |       |       |    42 ||    42
 Cast: Beastly Appendage |    15 |    10 |    11 |       |       |       |       ||    36
       Sticks to Snakes  |     1 |     7 |     2 |     7 |     7 |     4 |       ||    28
       Spider Form       |       |     1 |    25 |    20 |     1 |       |       ||    47
       Ice Form          |       |       |       |    10 |    15 |       |       ||    25
       Blade Hands       |       |       |       |     9 |    57 |    60 |    52 ||   178
       Blink             |       |       |       |     1 |       |     2 |     1 ||     4
       Yara's Violent Un |       |       |       |       |     1 |       |       ||     1
       Petrify           |       |       |       |       |     2 |     2 |     4 ||     8
       Leda's Liquefacti |       |       |       |       |     2 |     1 |       ||     3
       Lesser Beckoning  |       |       |       |       |       |     1 |    12 ||    13
Invok: Slouch            |       |       |       |     3 |     8 |    19 |    14 ||    44
       Temporal Distorti |       |       |       |       |     2 |     4 |     2 ||     8
       Step From Time    |       |       |       |       |       |       |     1 ||     1
 Abil: End Transformatio |       |       |     1 |    12 |    22 |     6 |     3 ||    44
       Stop Flying       |       |       |       |       |       |     5 |       ||     5
       Evoke Flight      |       |       |       |       |       |     4 |     1 ||     5
Evoke: Wand              |       |       |     9 |    11 |    20 |    10 |     5 ||    55
       Phantom mirror    |       |       |       |       |       |       |     1 ||     1
  Use: Scroll            |     1 |     8 |     3 |    20 |    12 |     5 |    11 ||    60
       Potion            |       |     2 |       |     7 |     4 |     3 |     7 ||    23
 Stab: Sleeping          |       |       |     2 |     2 |       |       |       ||     4
       Paralysed         |       |       |       |     2 |     2 |       |     3 ||     7
       Distracted        |       |       |       |       |     3 |     1 |       ||     4
       Invisible         |       |       |       |       |       |     3 |       ||     3
       Petrified         |       |       |       |       |       |     2 |       ||     2
       Petrifying        |       |       |       |       |       |       |     1 ||     1
  Eat: Chunk             |     2 |     8 |    16 |    24 |    39 |    29 |    19 ||   137
       Ration            |       |       |       |     1 |       |     1 |     2 ||     4
Armor: Robe              |    22 |       |       |       |       |       |       ||    22
       Leather armour    |       |    50 |    42 |    32 |   110 |     1 |       ||   235
       Skin              |       |     4 |     2 |    18 |    12 |       |       ||    36
       Chain mail        |       |       |       |       |       |   503 |   349 ||   852
Dodge: Dodged            |    57 |    96 |   316 |   414 |   892 |   998 |   689 ||  3462

Table legend:
 A = Non-vault XP
 B = Vault XP
 C = Vault XP percentage of total XP
 D = Non-vault monster count
 E = Vault monster count
 F = Vault count percentage of total count
                 A         B        C        D         E       F
            +---------+---------+-------+---------+---------+-------
      Total |  396421 |  290882 |  42.3 |    1149 |     560 |  32.8
            +---------+---------+-------+---------+---------+-------
        D:1 |      52 |      42 |  44.7 |      27 |      16 |  37.2
        D:2 |     316 |      33 |   9.5 |      17 |       9 |  34.6
        D:3 |     186 |     273 |  59.5 |      25 |      16 |  39.0
        D:4 |     359 |       0 |   0.0 |      24 |       0 |   0.0
        D:5 |      17 |     342 |  95.3 |       7 |      11 |  61.1
        D:6 |    1315 |     267 |  16.9 |      24 |       1 |   4.0
        D:7 |    1191 |       0 |   0.0 |      32 |       0 |   0.0
        D:8 |    1581 |       0 |   0.0 |      47 |       0 |   0.0
        D:9 |    3252 |     417 |  11.4 |      28 |      10 |  26.3
       D:10 |    3723 |    2995 |  44.6 |      41 |      25 |  37.9
       D:11 |     938 |       0 |   0.0 |      11 |       0 |   0.0
       D:12 |    6807 |     761 |  10.1 |      42 |       1 |   2.3
       D:13 |    9315 |    4594 |  33.0 |      41 |      15 |  26.8
       D:14 |    8825 |   10983 |  55.4 |      31 |      24 |  43.6
       D:15 |   18505 |    3015 |  14.0 |      40 |       4 |   9.1
     Lair:1 |    1798 |    1033 |  36.5 |       8 |       1 |  11.1
     Lair:2 |    4404 |     486 |   9.9 |      15 |       3 |  16.7
     Lair:3 |    2861 |    2905 |  50.4 |      11 |       5 |  31.2
     Lair:4 |    4033 |    3904 |  49.2 |      16 |       7 |  30.4
     Lair:5 |    7001 |       0 |   0.0 |      31 |       0 |   0.0
     Lair:6 |    6891 |    7924 |  53.5 |      19 |      23 |  54.8
   Shoals:1 |   19396 |    3897 |  16.7 |      42 |       5 |  10.6
   Shoals:2 |   10146 |    3328 |  24.7 |      20 |       5 |  20.0
   Shoals:3 |   17068 |    1842 |   9.7 |      32 |       8 |  20.0
   Shoals:4 |    9472 |   19038 |  66.8 |      23 |      29 |  55.8
    Snake:1 |   18439 |    3340 |  15.3 |      33 |       4 |  10.8
    Snake:2 |   32059 |    1958 |   5.8 |      53 |       2 |   3.6
    Snake:3 |   13481 |   10259 |  43.2 |      24 |      28 |  53.8
    Snake:4 |   11549 |    8303 |  41.8 |      25 |      12 |  32.4
      Orc:1 |    3425 |       0 |   0.0 |      27 |       0 |   0.0
      Orc:2 |    3085 |    8559 |  73.5 |      49 |      44 |  47.3
      Elf:1 |   22132 |   10992 |  33.2 |      38 |      15 |  28.3
      Elf:2 |   11252 |   30052 |  72.8 |      20 |      39 |  66.1
      Elf:3 |   15134 |   54268 |  78.2 |      23 |      41 |  64.1
   Vaults:1 |   21604 |   12095 |  35.9 |      51 |      16 |  23.9
   Vaults:2 |   59824 |   33014 |  35.6 |      91 |      37 |  28.9
   Vaults:3 |   37864 |   33341 |  46.8 |      52 |      40 |  43.5
   Depths:1 |    7121 |       0 |   0.0 |       9 |       0 |   0.0
      IceCv |       0 |   10248 | 100.0 |       0 |      52 | 100.0
   Gauntlet |       0 |    6374 | 100.0 |       0 |      12 | 100.0
            +---------+---------+-------+---------+---------+-------
